 Dungeon Crawl Stone Soup version 0.32-a0-350-g4f4d228785 (webtiles) character file.

Game seed: 16273734343009378739

94899 night the Fighter (level 15, -5/120 HPs)
             Began as a Demonspawn Alchemist on Jan 19, 2024.
             Was the Champion of Nemelex Xobeh.
             Killed from afar by a will-o-the-wisp (18 damage)
             ... with a foxfire
             ... on level 1 of the Swamp on Feb 17, 2024.
             The game lasted 02:15:04 (36492 turns).

night the Fighter (Demonspawn Alchemist)           Turns: 36492, Time: 02:15:05

Health: -5/120     AC: 13    Str:  9    XL:     15   Next: 64%
Magic:  1/29       EV: 15    Int: 27    God:    Nemelex Xobeh [******]
Gold:   2268       SH: 10    Dex: 15    Spells: 5/35 levels left

rFire   . .          .
                       - Unarmed
rCold   + . .        s - +0 buckler
rNeg    . . .        L - +1 steam dragon scales
rPois   .            v - +2 hat {Stlth+}
rElec   .            D - +0 cloak
rCorr   .            (gloves unavailable)
SInv    .            N - +1 pair of boots
Will    +....        z - amulet of reflection
Stlth   +++          w - ring of wizardry
HPRegen 0.40/turn    J - +6 ring of intelligence
MPRegen 0.21/turn

%: reflection, wizardry (x1)
@: slightly contaminated, studying Ranged Weapons
A: antennae 2, claws 3, demonic magic 3, corrupting presence 1, weakness stinger
2, cold resistance 1
a: Renounce Religion, Draw Escape, Draw Destruction, Draw Summoning, Draw Stack,
Triple Draw, Deal Four, Stack Five


You were on level 1 of the Swamp.
You worshipped Nemelex Xobeh.
Nemelex Xobeh was exalted by your worship.
You visited 5 branches of the dungeon, and saw 24 of its levels.
You also visited: Sewer and Ice Cave.

You collected 2524 gold pieces.
You spent 256 gold pieces at shops.

Inventory:

Missiles
 a - 2 atropa-tipped darts
 h - 58 poisoned darts
 y - 3 curare-tipped darts
 I - 5 throwing nets
 O - 7 javelins
 X - 4 silver javelins
Armour
 s - a +0 buckler (worn)
 v - a +2 hat of stealth (worn)
 D - a +0 cloak (worn)
 L - +1 steam dragon scales (worn)
 N - a +1 pair of boots (worn)
Jewellery
 e - a +5 ring of evasion
 g - a ring of flight
 w - a ring of wizardry (left claw)
 z - an amulet of reflection (around neck)
 G - a ring of protection from fire
 J - a +6 ring of intelligence (right claw)
 K - a ring of positive energy
 M - a ring of positive energy
 P - an amulet of regeneration
 Q - a ring of ice
 R - a ring of positive energy
 W - a +6 ring of intelligence
 Z - a ring of protection from fire
Talismans
 m - a flux talisman
Wands
 C - a wand of flame (35)
 H - a wand of paralysis (19)
 T - a wand of quicksilver (10)
Scrolls
 c - 4 scrolls of fog
 f - a scroll of revelation
 n - 3 scrolls of fear
 q - 8 scrolls of teleportation
 r - 3 scrolls of poison
 u - a scroll of blinking
 x - a scroll of noise
 B - 3 scrolls of immolation
 V - 3 scrolls of enchant weapon
Potions
 b - 2 potions of magic
 d - 2 potions of resistance
 i - 3 potions of lignification
 j - 2 potions of invisibility
 k - 4 potions of enlightenment
 l - 6 potions of heal wounds
 o - 5 potions of haste
 p - 6 potions of curing
 t - 3 potions of ambrosia
 A - 3 potions of attraction
 E - 2 potions of berserk rage
 F - 2 potions of brilliance
 S - a potion of might
 Y - 2 potions of mutation


   Skills:
 + Level 11.6 Fighting
 + Level 7.3 Armour
 + Level 7.3 Dodging
 - Level 1.7 Stealth
 + Level 5.3 Shields
 + Level 10.5 Unarmed Combat
 + Level 10.7 Spellcasting
 + Level 10.9 Conjurations
 - Level 7.5 Fire Magic
 - Level 7.0 Alchemy
 - Level 10.5 Invocations


You had 5 spell levels left.
You knew the following spells:

 Your Spells              Type           Power      Damage    Failure   Level
a - Sting                 Conj/Alch      100%       1d9       1%          1
b - Mercury Vapours       Alch/Air       66%        N/A       1%          2
c - Mephitic Cloud        Conj/Alch/Air  46%        N/A       1%          3
d - Olgreb's Toxic Radia  Alch           51%        N/A       1%          4
e - Sticky Flame          Fire/Alch      52%        2d9       1%          4
f - Iskenderun's Mystic   Conj/Tloc      43%        2d10      2%          4
g - Fireball              Conj/Fire      29%        3d13      1%          5
h - Orb of Destruction    Conj           32%        9d10      21%         7

Your spell library contained the following spells:

 Spells                   Type           Power      Damage    Failure   Level
 Foxfire                  Conj/Fire      100%       2x1d9     1%          1
 Magic Dart               Conj           100%       1d8       1%          1
 Shock                    Conj/Air       100%       1d9       1%          1
 Momentum Strike          Conj/Tloc      86%        3d10      1%          2
 Searing Ray              Conj           100%       2d8       1%          2
 Hailstorm                Conj/Ice       43%        3d9       1%          3
 Fulminant Prism          Conj/Alch      29%        3d13      1%          4
 Sandblast                Erth           28%        2d8       2%          1
 Lesser Beckoning         Tloc           28%        N/A       3%          2
 Summon Blazeheart Golem  Fire/Summ      34%        N/A       4%          4
 Gell's Gravitas          Tloc           14%        N/A       7%          3
 Swiftness                Air            14%        N/A       7%          3
 Teleport Other           Tloc           14%        N/A       7%          3
 Tukima's Dance           Hex            14%        N/A       7%          3
 Yara's Violent Unravell  Hex/Alch       16%        3d8       16%         5
 Airstrike                Air            7%         2d(1-17)  22%         4
 Passage of Golubria      Tloc           14%        N/A       22%         4
 Spellforged Servitor     Conj/Summ      21%        N/A       87%         7


Dungeon Overview and Level Annotations

Branches:
Dungeon (15/15)            Temple (1/1) D:4            Lair (5/5) D:8
  Swamp (1/4) Lair:3       Spider (0/4) Lair:3          Orc (2/2) D:11
    Elf (0/3) Orc:2        Vaults (0/5) D:13         Depths (0/4) D:15
  Sewer (visited)           IceCv (visited)
  Slime: Lair:4-5

Altars:
Ashenzari
Cheibriados
Dithmenos
Fedhas
Gozag
Hepliaklqana
Kikubaaqudgha
Makhleb
Nemelex Xobeh
Okawaru
Qazlal
Ru
Sif Muna
Trog
Uskayaw
Vehumet
Wu Jian
Xom
Yredelemnul
Jiyva

Shops:
D:3 *   D:4 [   D:14 *   Orc:1 =   Orc:2 **(*[*

Annotations:
D:4 2 transporters, senseless's ghost, amateur GnSh
D:8 exclusion: statue
Lair:4 exclusion: 3 oklob plants


Innate Abilities, Weirdness & Mutations

You have a pair of antennae on your head.
You have claws for hands.
Spells you cast and wands you use may paralyse nearby enemies.
Your presence sometimes corrodes those you injure.
You have a tail ending in a sharp stinger.
Your flesh is cold resistant. (rC+)


Message History

A will-o-the-wisp is nearby!
Casting: Sticky Flame (mildly dangerous; 1% risk of failure)
Confirm with . or Enter, or press ? or * to list all spells.
Aiming: Orb of Destruction (dangerous; 21% risk of failure)
Press: ? - help, Shift-Dir - straight line, f - will-o-the-wisp
Aim: a will-o-the-wisp (wandering, hasn't noticed you)
You miscast Orb of Destruction.
You are very lightly contaminated with residual magic.
You feel a strange surge of energy!!
The will-o-the-wisp gives a chilling moan.
Casting: Orb of Destruction (dangerous; 21% risk of failure)
Confirm with . or Enter, or press ? or * to list all spells.
Aiming: Orb of Destruction (dangerous; 21% risk of failure)
Press: ? - help, Shift-Dir - straight line, f/p - will-o-the-wisp
Aim: a will-o-the-wisp You miscast Orb of Destruction.
You are lightly contaminated with residual magic.
Sparks fly from your claws!
Casting: Orb of Destruction (dangerous; 21% risk of failure)
Confirm with . or Enter, or press ? or * to list all spells.
You don't have enough magic to cast this spell.
Unknown command.
You are too injured to fight recklessly!
The will-o-the-wisp gestures.
The will-o-the-wisp conjures some marshlight! 2 foxfires come into view.
You see here a hydra corpse.
You claw the will-o-the-wisp!
The will-o-the-wisp is lightly damaged.
The foxfire hits you!!
* * * LOW HITPOINT WARNING * * *
The foxfire hits you but does no damage.
The will-o-the-wisp gestures.
The will-o-the-wisp conjures some marshlight! 2 foxfires come into view.
You scratch the will-o-the-wisp. You tail-slap the will-o-the-wisp.
The will-o-the-wisp is moderately damaged.
The foxfire hits you!!
You die...
Your body glows slightly and disappears.

....##.......~.~~~
..~......#..♣♣♣♣§ ♣♣.
~..).......♣♣♣♣♣ ..~~
~.~..~~~.♣♣~...♣♣ ...
~~~§~~~.~....~~~♣♣..♣♣
.~..~♣♣..~~~.~~~.♣..~♣
..~.♣ ♣.§§~~§....~~~.♣
♣..~ ♣.§vv§~.~..~♣♣♣.♣
♣♣♣ ♣♣.@v..~~..~♣ ♣♣♣♣
♣♣...~~~...♣♣♣≈...
.♣..~§~.~~~♣≈.≈≈≈~
.~..~~~.....~≈≈≈≈~
♣...~~~~~.~~.≈~≈~~~
♣~.~~~~.~...~~~...~
♣~.~~~~§~.♣~≈≈~~~~≈
♣♣.~~~~~~~.<≈♣≈≈≈
♣♣~...~~~..♣♣♣♣≈


You could see a will-o-the-wisp.

Vanquished Creatures
  Gastronok (Lair:1)
  Nessos (D:13)
  A white draconian (IceCv)
  Harold (D:10)
  4 hydras
  3 catoblepae
  A merfolk avatar (Lair:5)
  5 boulder beetles
  8 centaur warriors
  4 two-headed ogres
  A tengu warrior (D:13)
  2 death yaks
  Urug (Lair:1)
  3 orc high priests (Orc:2)
  Sonja (D:10)
  2 skysharks (Lair:2)
  Nergalle (Lair:1)
  Amaemon (Lair:1)
  A pharaoh ant (Lair:3)
  A sea snake (Lair:5)
  An arcanist (D:15)
  A glowing orange brain (shapeshifter) (D:15)
  A lindwurm (Lair:5)
  A bog body (Swamp:1)
  8 orc knights
  A harpy (Lair:5)
  5 deep elf pyromancers
  5 orc sorcerers
  2 cyclopes
  2 oklob plants (Lair:2)
  Maurice (D:8)
  10 elephants
  9 ugly things
  2 black mambas
  6 manticores
  A kobold blastminer (Orc:2)
  An orange demon (Lair:1)
  A black mamba (shapeshifter) (D:14)
  2 ice statues (IceCv)
  A gargoyle (D:10)
  14 cane toads
  A cane toad (shapeshifter) (D:14)
  11 rime drakes
  10 komodo dragons
  An unseen horror (D:12)
  A yaktaur (D:15)
  5 kobold demonologists
  5 polar bears
  8 trolls
  4 dream sheep (Lair:5)
  A tyrant leech (Swamp:1)
  6 hornets
  A wind drake (Lair:5)
  20 blink frogs
  10 slime creatures
  4 spriggans
  5 basilisks
  A vampire (D:13)
  A shadow (D:11)
  3 wargs (Orc:2)
  3 wyverns
  25 yaks
  Eustachio (D:6)
  2 wandering mushrooms (Lair:2)
  2 humans (D:10)
  A redback (Lair:3)
  14 vampire mosquitoes
  5 steam dragons
  2 acid dragons (D:12)
  17 water moccasins
  A sky beast (shapeshifter) (D:13)
  Pargi (Sewer)
  14 orc warriors
  2 black bears
  4 ice beasts
  18 wolves
  16 centaurs
  5 ogres
  2 phantoms
  2 kobold brigands
  Blork the orc (D:6)
  14 bullfrogs
  6 scorpions
  6 wights
  4 killer bees
  4 lindwurm simulacra (IceCv)
  A vampire bat (Lair:5)
  4 electric eels
  8 howler monkeys
  10 komodo dragon simulacra (IceCv)
  11 hounds
  2 jellies
  A bombardier beetle (D:5)
  17 orc priests
  2 gnoll boudas
  Jessica (D:3)
  4 iguanas
  17 orc wizards
  A sleepcap (D:5)
  Natasha (thrice) (D:3)
  Robin (D:3)
  15 gnolls
  3 acid dragon simulacra (IceCv)
  7 adders
  4 shadow imps
  6 white imps
  5 ufetubi
  4 steam dragon simulacra (IceCv)
  4 dart slugs
  A ribbon worm (D:5)
  56 orcs
  6 endoplasms
  6 giant cockroaches
  16 goblins
  9 hobgoblins
  3 jackals (Sewer)
  21 kobolds
  2 quokkas
  9 ball pythons
  16 bats
  4 frilled lizards
  8 rats
676 creatures vanquished.

Vanquished Creatures (collateral kills)
  A rakshasa (D:15)
  2 death yaks (Lair:5)
  A glowing orange brain (D:15)
  An ugly thing (D:7)
  2 vampire mosquitoes (D:10)
  A scorpion (D:5)
8 creatures vanquished.

Vanquished Creatures (others)
  2 orc wizards
  A goblin (D:3)
  2 foxfires (Swamp:1)
5 creatures vanquished.

Grand Total: 689 creatures vanquished

Notes
Turn   | Place    | Note
-------+----------+-------------------------------------------
     0 | D:1      | night the Demonspawn Alchemist began the quest for the Orb.
     0 | D:1      | Reached XP level 1. HP: 13/13 MP: 3/3
   147 | D:1      | Discovered your monstrous ancestry.
   147 | D:1      | Gained mutation: You have sharp fingernails. [demonic
                  | ancestry]
   147 | D:1      | Reached XP level 2. HP: 20/20 MP: 1/5
   173 | D:1      | Reached skill level 1 in Fighting
   350 | D:1      | Learned a level 2 spell: Mercury Vapours
   522 | D:1      | Found a faded altar of an unknown god.
   595 | D:1      | Prayed at the altar of an unknown god.
   595 | D:1      | Became a worshipper of Nemelex Xobeh the Trickster
   595 | D:1      | Reached * piety under Nemelex Xobeh
   595 | D:1      | Received a gift from Nemelex Xobeh
   654 | D:1      | Identified a scroll of acquirement
   654 | D:1      | Acquired the Tome of Blasted Metal
   704 | D:1      | Gained mutation: Spells you cast may paralyse adjacent
                  | enemies. [demonic ancestry]
   704 | D:1      | Reached XP level 3. HP: 22/26 MP: 2/6
  1098 | D:1      | Learned a level 3 spell: Mephitic Cloud
  1161 | D:2      | Identified the +4 hand axe of Ashenzari {spect, rN+ rCorr
                  | MP-9 Dex+5}
  1181 | D:2      | Reached skill level 1 in Invocations
  1256 | D:2      | Found a shadowy altar of Dithmenos.
  1355 | D:2      | Reached skill level 1 in Unarmed Combat
  1355 | D:2      | Gained mutation: You have a pair of small antennae on your
                  | head. [demonic ancestry]
  1355 | D:2      | Reached XP level 4. HP: 30/32 MP: 1/7
  1751 | D:3      | Found a burning altar of Makhleb.
  1953 | D:3      | Reached ** piety under Nemelex Xobeh
  1956 | D:3      | Identified the +0 hand axe "Ibbeum" {holy, rF+}
  2122 | D:3      | Noticed Jessica
  2122 | D:3      | Noticed Natasha
  2132 | D:3      | Killed Jessica
  2141 | D:3      | Killed Natasha
  2142 | D:3      | Reached skill level 2 in Fighting
  2142 | D:3      | Gained mutation: Spells you cast may paralyse nearby
                  | enemies. [demonic ancestry]
  2142 | D:3      | Reached XP level 5. HP: 35/38 MP: 0/9
  2221 | D:3      | Found Basm's Assorted Antiques.
  2237 | D:3      | Bought a scroll labelled XAOSHET RATZ for 26 gold pieces
  2335 | D:3      | Noticed Robin
  2357 | D:3      | Reached skill level 2 in Invocations
  2383 | D:3      | Killed Robin
  2475 | D:3      | Noticed Natasha
  2485 | D:3      | Killed Natasha
  2587 | D:3      | Noticed Natasha
  2601 | D:3      | Killed Natasha
  2602 | D:3      | Reached skill level 2 in Conjurations
  2796 | D:4      | Noticed an ogre
  2839 | D:4      | Found a glowing drain.
  2853 | Sewer    | Entered a sewer
  2859 | Sewer    | Learned a level 4 spell: Olgreb's Toxic Radiance
  3003 | Sewer    | Noticed Pargi
  3027 | Sewer    | Killed Pargi
  3028 | Sewer    | Reached skill level 2 in Unarmed Combat
  3028 | Sewer    | Reached XP level 6. HP: 42/46 MP: 3/10
  3189 | D:4      | Found a basalt altar of Yredelemnul.
  3191 | D:4      | Found a stormy altar of Qazlal.
  3500 | D:4      | Reached skill level 3 in Fighting
  3633 | D:4      | Found a transporter.
  3636 | D:4      | Noticed senseless's ghost (amateur GnSh)
  3639 | D:4      | Found a transporter.
  3639 | D:4      | Identified the +6 dire flail "Jyusetse" {vamp, *Noise Will+
                  | Int+3 Dex+3}
  3682 | D:4      | Found a staircase to the Ecumenical Temple.
  3693 | Temple   | Entered the Ecumenical Temple
  3761 | D:4      | Gained mutation: You have a pair of antennae on your head.
                  | [demonic ancestry]
  3761 | D:4      | Reached XP level 7. HP: 52/52 MP: 6/12
  3854 | D:4      | Received a gift from Nemelex Xobeh
  3901 | D:4      | Found Iprad's Armour Shoppe.
  3909 | D:4      | Bought a +2 pair of gloves for 181 gold pieces
  3909 | D:4      | Bought a +0 buckler for 49 gold pieces
  4232 | D:5      | Entered Level 5 of the Dungeon
  4474 | D:5      | Reached skill level 1 in Shields
  4617 | D:5      | Reached skill level 5 in Alchemy
  4617 | D:5      | Gained mutation: You have very sharp fingernails. [demonic
                  | ancestry]
  4617 | D:5      | Reached XP level 8. HP: 39/60 MP: 5/14
  4689 | D:5      | Reached *** piety under Nemelex Xobeh
  5054 | D:5      | Received a gift from Nemelex Xobeh
  5060 | D:5      | Found a shimmering altar of Xom.
  5510 | D:5      | Reached skill level 4 in Fighting
  5554 | D:5      | Reached skill level 2 in Shields
  5554 | D:5      | Reached skill level 5 in Invocations
  6344 | D:6      | Noticed Eustachio
  6362 | D:6      | Killed Eustachio
  6378 | D:6      | Received a gift from Nemelex Xobeh
  6432 | D:5      | HP: 8/61 [poisoned by a scorpion]
  6437 | D:5      | HP: 4/61 [poisoned by a scorpion]
  6658 | D:6      | Noticed Blork the orc
  6799 | D:6      | Killed Blork the orc
  6800 | D:6      | Gained mutation: You have a small tail. [demonic ancestry]
  6800 | D:6      | Reached XP level 9. HP: 58/66 MP: 12/16
  6866 | D:6      | Learned a level 4 spell: Sticky Flame
  7122 | D:6      | Reached skill level 5 in Spellcasting
  7294 | D:7      | Reached skill level 5 in Fighting
  7796 | D:7      | Found an opulent altar of Gozag.
  7818 | D:7      | Reached **** piety under Nemelex Xobeh
  7997 | D:7      | Noticed a purple ugly thing
  8077 | D:7      | Found a sacrificial altar of Ru.
  8097 | D:7      | Killed a purple ugly thing
  8549 | D:7      | Learned a level 4 spell: Iskenderun's Mystic Blast
  8575 | D:7      | Received a gift from Nemelex Xobeh
  8843 | D:8      | Noticed a troll
  8850 | D:8      | Killed a troll
  8966 | D:8      | Reached skill level 5 in Unarmed Combat
  8970 | D:7      | Gained mutation: You have claws for hands. [demonic
                  | ancestry]
  8970 | D:7      | Reached XP level 10. HP: 50/76 MP: 10/18
  8973 | D:7      | Reached skill level 1 in Fire Magic
  9436 | D:8      | Noticed a two-headed ogre
  9463 | D:8      | Killed a two-headed ogre
  9464 | D:8      | Reached skill level 6 in Fighting
  9571 | D:8      | Found a staircase to the Lair.
  9650 | D:8      | Noticed Maurice
  9678 | D:8      | Killed Maurice
  9827 | D:8      | Received a gift from Nemelex Xobeh
  9988 | D:8      | Reached skill level 2 in Fire Magic
 10076 | D:8      | Found a radiant altar of Vehumet.
 10249 | D:8      | Found an ornate altar of the Wu Jian Council.
 10589 | D:9      | Reached skill level 5 in Conjurations
 11499 | D:9      | Noticed a rust devil
 11906 | D:10     | Entered Level 10 of the Dungeon
 12181 | D:10     | Noticed a gargoyle
 12193 | D:10     | Killed a gargoyle
 12274 | D:10     | Noticed a two-headed ogre
 12287 | D:10     | Killed a two-headed ogre
 12288 | D:10     | Reached XP level 11. HP: 83/83 MP: 6/20
 12377 | D:10     | Received a gift from Nemelex Xobeh
 12427 | D:10     | Noticed Harold
 12441 | D:10     | Paralysed by Harold for 5 turns
 12446 | D:10     | Killed Harold
 12447 | D:10     | Reached skill level 7 in Fighting
 12844 | D:10     | Found a broken altar of Ashenzari.
 12899 | D:10     | Noticed Sonja
 12899 | D:10     | Paralysed by Sonja for 2 turns
 12907 | D:10     | Killed Sonja
 12915 | D:10     | Gained mutation: Your flesh is cold resistant. (rC+) [a
                  | neqoxec]
 13085 | D:10     | Found an iron altar of Okawaru.
 13626 | D:10     | Received a gift from Nemelex Xobeh
 13880 | D:10     | Reached ***** piety under Nemelex Xobeh
 13916 | D:10     | HP: 10/84 [vampire mosquito (5)]
 13919 | D:10     | HP: 4/84 [vampire mosquito (11)]
 14675 | Lair:1   | Entered Level 1 of the Lair of Beasts
 14682 | Lair:1   | Learned a level 5 spell: Fireball
 14808 | Lair:1   | Noticed Urug
 14812 | Lair:1   | Noticed Amaemon
 14826 | Lair:1   | Killed Amaemon
 14829 | Lair:1   | Killed Urug
 15337 | Lair:1   | Noticed Gastronok
 15357 | Lair:1   | Killed Gastronok
 15358 | Lair:1   | Reached skill level 8 in Fighting
 15358 | Lair:1   | Reached skill level 10 in Invocations
 15406 | Lair:1   | Noticed Nergalle
 15409 | Lair:1   | Killed Nergalle
 15410 | Lair:1   | Reached XP level 12. HP: 62/92 MP: 13/23
 15676 | Lair:1   | Reached skill level 5 in Fire Magic
 16388 | Lair:2   | Noticed an eight-headed hydra
 16509 | Lair:1   | Killed an eight-headed hydra
 17236 | Lair:2   | Reached skill level 2 in Dodging
 17265 | Lair:2   | Reached skill level 1 in Armour
 17523 | Lair:2   | Noticed an eight-headed hydra
 17629 | Lair:2   | Killed a nine-headed hydra
 17674 | Lair:2   | Reached skill level 2 in Armour
 17813 | Lair:2   | Received a gift from Nemelex Xobeh
 17978 | Lair:2   | Reached skill level 9 in Fighting
 19524 | Lair:3   | Identified the +6 spear "Otzackum" {venom, Str+3 Int+3}
 19571 | Lair:3   | Gained mutation: Spells you cast and wands you use may
                  | paralyse nearby enemies. [demonic ancestry]
 19571 | Lair:3   | Reached XP level 13. HP: 101/101 MP: 16/25
 19752 | Lair:3   | Found a hole to the Spider Nest.
 19918 | Lair:3   | Found a staircase to the Swamp.
 19971 | Lair:3   | Received a gift from Nemelex Xobeh
 21737 | Lair:4   | Found a viscous altar of Jiyva.
 21890 | Lair:5   | Entered Level 5 of the Lair of Beasts
 21902 | Lair:5   | Received a gift from Nemelex Xobeh
 23220 | Lair:5   | Reached skill level 10 in Fighting
 23322 | Lair:5   | Reached skill level 5 in Dodging
 23371 | Lair:5   | Gained mutation: You have a tail ending in a sharp stinger.
                  | [demonic ancestry]
 23371 | Lair:5   | Reached XP level 14. HP: 96/110 MP: 19/27
 23689 | Lair:5   | Received a gift from Nemelex Xobeh
 24150 | Lair:5   | Reached skill level 5 in Armour
 25344 | D:8      | Learned a level 7 spell: Orb of Destruction
 25425 | D:11     | Found a staircase to the Orcish Mines.
 25715 | D:11     | Received a gift from Nemelex Xobeh
 26417 | D:12     | Received a gift from Nemelex Xobeh
 26458 | D:12     | Found a frozen archway.
 26474 | IceCv    | Entered an ice cave
 28127 | D:12     | Received a gift from Nemelex Xobeh
 28872 | D:13     | Found a gate to the Vaults.
 28975 | D:13     | Reached skill level 10 in Spellcasting
 29205 | D:13     | Reached skill level 10 in Conjurations
 29334 | D:13     | Noticed Nessos
 29343 | D:13     | Killed Nessos
 29387 | D:13     | Received a gift from Nemelex Xobeh
 29638 | D:13     | Reached ****** piety under Nemelex Xobeh
 29951 | D:13     | Received a gift from Nemelex Xobeh
 30646 | D:14     | Reached skill level 11 in Fighting
 30724 | D:14     | Received a gift from Nemelex Xobeh
 30911 | D:14     | Identified the +5 hand axe "Qeacwufy" {freeze, *Rage rElec
                  | MP-9 Stlth+}
 31282 | D:14     | Found Kuun's Overcharged Wands.
 31468 | D:14     | Received a gift from Nemelex Xobeh
 31643 | D:15     | Entered Level 15 of the Dungeon
 31874 | D:15     | Reached skill level 10 in Unarmed Combat
 31892 | D:15     | Gained mutation: Your presence sometimes corrodes those you
                  | injure. [demonic ancestry]
 31892 | D:15     | Reached XP level 15. HP: 103/118 MP: 3/29
 33263 | D:15     | Received a gift from Nemelex Xobeh
 33269 | D:15     | Found a staircase to the Depths.
 33286 | D:15     | HP: 10/119 [crystal wall collision (14)]
 33467 | D:15     | Upgraded the game from 0.32-a0-30-gefbe487952 to
                  | 0.32-a0-32-g978bd804de
 33467 | D:15     | Upgraded the game from 0.32-a0-32-g978bd804de to
                  | 0.32-a0-135-g14f8b2e1af
 33467 | D:15     | Upgraded the game from 0.32-a0-135-g14f8b2e1af to
                  | 0.32-a0-290-g598725c5f2
 33467 | D:15     | Upgraded the game from 0.32-a0-290-g598725c5f2 to
                  | 0.32-a0-350-g4f4d228785
 33570 | Orc:1    | Entered Level 1 of the Orcish Mines
 33570 | Orc:1    | Found Vaosinep's Jewellery Shoppe.
 34332 | Orc:1    | Received a gift from Nemelex Xobeh
 34411 | Orc:2    | Entered Level 2 of the Orcish Mines
 34444 | Orc:2    | Found Nyufus's Gadget Gallery.
 34546 | Orc:2    | Found a staircase to the Elven Halls.
 34900 | Orc:2    | Found Hoovango's Antique Armour Shoppe.
 35277 | Orc:2    | Reached skill level 5 in Shields
 35449 | Orc:2    | HP: 15/119 [orc knight/+0 glaive (17)]
 35729 | Orc:2    | Found Logejostru's Assorted Antiques.
 35729 | Orc:2    | Found Xyukoep's General Store.
 35731 | Orc:2    | Found Terr's Assorted Antiques.
 35731 | Orc:2    | Found Daonopn's Weapon Shop.
 36326 | Swamp:1  | Entered Level 1 of the Swamp
 36491 | Swamp:1  | HP: 13/120 [will-o-the-wisp/foxfire (33)]
 36492 | Swamp:1  | Killed from afar by a will-o-the-wisp

Illustrated notes

Levels and vault maps discovered:
D:1:      onia_arrival_handbag, layout_basic, dreamdust_ecumenical_altar_grove,
          minmay_small_reverse_x
D:2:      layout_rooms, basic_altar, minmay_pentomino_x4
D:3:      layout_basic, bloody_makhleb, serial_shops, shop, kennysheep_donut,
          uniq_natasha, uniq_robin, uniq_jessica
D:4:      layout_loops_ring, jmf_multi_god_temple, lemuel_crystal_altar,
          minmay_temple_entry_mist, serial_shops, nicolae_diamond_shop,
          gammafunk_ghost_smash, cheibrodos_sewer_entry_sluice,
          minmay_misc_feat_enclosed, item_on_display_a
D:5:      layout_loops_corners, mainiacjoe_overflow_six_doors_small,
          serial_library_regret_index_split_case, minmay_misc_feat_tower,
          chequers_serial_rivers_micro_c, chequers_jeans, minmay_manual_monolith
D:6:      layout_cave_pools, uniq_eustachio, uniq_blork_the_orc
D:7:      layout_basic, nicolae_ru_great_annihilating_truth,
          mainiacjoe_overflow_24_doors
D:8:      layout_gridville, kennysheep_mini, vehumet_statue, erik_lair_island,
          serial_demonic, serial_demonic_d, serial_demonic_f, serial_demonic_b,
          serial_demonic_e, uniq_maurice
D:9:      layout_basic
D:10:     layout_layer_cave, okawaru_humans, nicolae_overflow_crystal_walls,
          uniq_harold, uniq_sonja
D:11:     layout_basic, david_orc_3, gauntlet_entry_generic
D:12:     layout_loops_ring, portal_ice_cave_entry_pillars_1
D:13:     layout_layer_cave, hellmonk_vaults_attempted_burglary, uniq_nessos
D:14:     layout_gridville, hangedman_decor_opposing,
          nicolae_shop_overcharged_wands
D:15:     gammafunk_enter_depths_forms, layout_loops_ring, serial_bayou_pond_e,
          corexii_checkpoint, minivault_4
Temple:   minmay_freezing_vapour_temple
Lair:1:   layout_cave_pods, chequers_serial_rivers_small_a, uniq_nergalle,
          uniq_amaemon, uniq_urug, uniq_gastronok
Lair:2:   minmay_lair_oklob_chamber, layout_chaotic_city, grunt_megastairs_3
Lair:3:   layout_small_grid, swamp_mist, nicolae_spider_entry_lesser_pyramids
Lair:4:   layout_loops_ring, minmay_slime_entry_oklob_enclosed,
          infiniplex_staircase_pool
Lair:5:   gammafunk_lair_ancient_temple, layout_regular_city, roderic_batcave,
          wad_woods_03
Swamp:1:  layout_basic_swamp, serial_swamp_ruin, evilmike_swamp_ruin_house_5,
          evilmike_swamp_ruin_rubble_1, nicolae_swamp_little_tower,
          hangedman_swamp_wriggling, nicolae_swamp_decorative_isthmus,
          uniq_jorgrun
Orc:1:    layout_diamond_mine, minmay_shop_enchanted_jewellery
Orc:2:    grunt_orc_tribal_feast, layout_caves, serial_shops,
          nicolae_shop_real_fake_doors, nicolae_shop_gadgets

Skill      XL: |  1  2  3  4  5  6  7  8  9 10 11 12 13 14 15 |
---------------+----------------------------------------------+-----
Fighting       | 1 2 3 4 5 6 8 9 10 11 | 11.6
Invocations    | 1 2 3 4 5 7 8 10 | 10.5
Unarmed Combat | 1 2 3 4 5 6 7 8 9 10 | 10.5
Spellcasting   | 3 4 5 6 7 8 9 10 | 10.7
Conjurations   | 2 3 4 5 7 8 9 10 | 10.9
Alchemy        | 4 5 6 7 |  7.0
Shields        | 1 2 4 5 |  5.3
Fire Magic     | 3 4 6 7 |  7.5
Dodging        | 3 5 6 7 |  7.3
Armour         | 2 4 6 7 |  7.3
Stealth        | |  1.7

Action                     |  1- 3 |  4- 6 |  7- 9 | 10-12 | 13-15 || total
---------------------------+-------+-------+-------+-------+-------++-------
  Melee: Unarmed           |    27 |    67 |   222 |   186 |   556 ||  1058
         Short sword       |     7 |       |       |       |       ||     7
         Punch             |       |       |     4 |       |       ||     4
         Tailslap          |       |       |    13 |    40 |   102 ||   155
  Throw: Dart              |       |       |       |       |     1 ||     1
   Cast: Sting             |    55 |    77 |    94 |    62 |    12 ||   300
         Mercury Vapours   |     5 |    12 |    21 |    23 |     9 ||    70
         Mephitic Cloud    |       |     4 |     7 |    16 |     3 ||    30
         Olgreb's Toxic Ra |       |     1 |    32 |    75 |   114 ||   222
         Sticky Flame      |       |       |     5 |    56 |   128 ||   189
         Iskenderun's Myst |       |       |       |     9 |    19 ||    28
         Fireball          |       |       |       |    31 |    73 ||   104
         Orb of Destructio |       |       |       |       |     6 ||     6
 Invoke: Draw Destruction  |       |     3 |     3 |     8 |     4 ||    18
         Draw Escape       |       |     1 |       |     1 |       ||     2
         Draw Summoning    |       |       |     2 |     2 |     3 ||     7
         Triple Draw       |       |       |       |     1 |       ||     1
         Stack Five        |       |       |       |     1 |       ||     1
         Deal Four         |       |       |       |       |     1 ||     1
  Evoke: Wand              |       |       |       |     7 |       ||     7
    Use: Scroll            |     2 |     4 |     4 |     6 |    12 ||    28
         Potion            |       |     2 |     2 |     2 |     5 ||    11
   Stab: Paralysed         |     2 |    32 |    59 |    58 |   132 ||   283
         Confused          |       |       |     2 |     4 |       ||     6
         Sleeping          |       |       |       |       |     2 ||     2
 Armour: Robe              |    17 |    66 |   131 |   191 |       ||   405
         Skin              |       |       |     5 |       |       ||     5
         Steam dragon scal |       |       |       |       |   367 ||   367
  Dodge: Dodged            |    26 |    76 |    93 |   103 |   238 ||   536
  Block: Buckler           |       |       |    50 |   108 |   260 ||   418
         Reflection        |       |       |     1 |     5 |    25 ||    31

Table legend: (Time is in decaauts)
 A = Elapsed time spent in this place.
 B = Non-inter-level travel time spent in this place.
 C = Inter-level travel time spent in this place.
 D = Time resting spent in this place.
 E = Time spent auto-exploring this place.
 F = Levels seen in this place.
 G = Mean time per level.
                   A        B        C        D        E       F      G
               +--------+--------+--------+--------+--------+-----+--------+
         Total |  36480 |  35038 |   1442 |  10016 |  18639 |  26 | 1403.1 |
       Dungeon |  21823 |  21020 |    803 |   4697 |  12563 |  15 | 1454.9 |
        Temple |      1 |      1 |      0 |      0 |      0 |   1 |    1.0 |
          Lair |  10741 |  10201 |    540 |   3716 |   4699 |   5 | 2148.2 |
         Swamp |    165 |    165 |      0 |    101 |     18 |   1 |  165.0 |
  Orcish Mines |   2471 |   2374 |     97 |    820 |   1140 |   2 | 1235.5 |
         Sewer |    299 |    299 |      0 |    134 |     87 |   1 |  299.0 |
      Ice Cave |    977 |    977 |      0 |    548 |    131 |   1 |  977.0 |
               +--------+--------+--------+--------+--------+-----+--------+

Top non-repeatable levels by time:
    D:10: 2544 daAuts
  Lair:5: 2531 daAuts
  Lair:1: 2466 daAuts
  Lair:2: 2455 daAuts
     D:5: 2171 daAuts
  Lair:4: 2017 daAuts
     D:7: 1850 daAuts
    D:13: 1836 daAuts
     D:9: 1700 daAuts
    D:15: 1665 daAuts
   Orc:2: 1595 daAuts
    D:12: 1389 daAuts
  Lair:3: 1271 daAuts
     D:8: 1266 daAuts
    D:14: 1247 daAuts
